 Dungeon Crawl Stone Soup version 0.30-b1-2-g02819fbbbe (webtiles) character file.

Game seed: 7399947280996914763

407 Borgoz the Trooper (level 6, -6/58 HPs)
             Began as a Gargoyle Berserker on June 16, 2023.
             Was a Believer of Trog.
             Mangled by a gnoll
             ... wielding a +0 spear
             ... led by a gnoll bouda
              (7 damage)
             ... on level 4 of the Dungeon.
             The game lasted 00:04:05 (2397 turns).

Borgoz the Trooper (Gargoyle Berserker)             Turns: 2397, Time: 00:04:06

Health: -6/58      AC: 15    Str: 21    XL:     6   Next: 88%
Magic:  6/6        EV: 10    Int:  9    God:    Trog [**....]
Gold:   217        SH:  0    Dex: 11    Spells: 5/5 levels left

rFire   . . .        a - +0 falchion
rCold   . . .        (no shield)
rNeg    + . .        r - +0 scale mail
rPois   ∞            n - +0 helmet
rElec   +            m - +0 cloak
rCorr   .            (no gloves)
SInv    .            l - +1 pair of boots of Gestures {rElec Int+2}
Will    .....        (no amulet) Stlth
                     (no ring)
HPRegen 0.29/turn    (no ring)
MPRegen 0.10/turn

%: no passive effects
@: berserking (expiring), weakened, very quick
A: sickness immunity, AC +4, negative energy resistance 1, electricity
resistance, torment resistance 1, petrification resistance
a: Renounce Religion, Berserk, Trog's Hand


You were on level 4 of the Dungeon.
You worshipped Trog.
Trog was pleased with you.
You visited 1 branch of the dungeon, and saw 4 of its levels.

You collected 217 gold pieces.

Inventory:

Hand Weapons
 a - a +0 falchion (weapon)
Armour
 l - the +1 pair of boots of Gestures (worn) {rElec Int+2}
   (You found it on level 2 of the Dungeon)

   Int:       It affects your intelligence (+2).
   rElec:     It insulates you from electricity.
 m - a +0 cloak (worn)
 n - a +0 helmet (worn)
 r - a +0 scale mail (worn)
Jewellery
 t - an amulet of magic regeneration
Scrolls
 b - a scroll of amnesia {unknown}
 c - a scroll of teleportation {unknown}
 d - 3 scrolls of blinking {unknown}
 h - a scroll of poison {unknown}
 i - 2 scrolls of fear {unknown}
 j - a scroll of enchant weapon {unknown}
 o - a scroll of fog {unknown}
 q - 2 scrolls of butterflies {unknown}
 s - a scroll of identify {unknown}
 u - a scroll of vulnerability {unknown}
Potions
 e - a potion of invisibility {unknown}
 f - a potion of mutation {unknown}
 g - a potion of curing {unknown}
 k - 2 potions of cancellation {unknown}
 p - 4 potions of flight {unknown}


   Skills:
 + Level 4.7 Fighting
 * Level 4.7 Long Blades
 + Level 3.8 Armour
 + Level 2.9 Dodging


You had 5 spell levels left.
You didn't know any spells.
Your spell library was empty.

Dungeon Overview and Level Annotations

Branches:
Dungeon (4/15)
 Temple: D:4-7

Altars:


Innate Abilities, Weirdness & Mutations

You are immune to sickness and miasma.
Your stone body is resilient. (AC +4)
You are immune to poison.
You resist negative energy. (rN+)
You are resistant to electric shocks. (rElec)
You are resistant to unholy torment.
You are immune to petrification.


Message History

You feel as though you will be weak longer.
The gnoll bouda closely misses you. The gnoll hits you with a +0 spear.
The gnoll hits you but does no damage. x2
The gnoll hits you from afar with a +0 spear.
You hit the gnoll bouda.
You kill the gnoll bouda!
Trog accepts your kill.
The gnoll is no longer moving quickly.
The gnoll hits you but does no damage. The gnoll completely misses you.
The gnoll hits you but does no damage.
The gnoll hits you from afar with a +0 spear.
You are too injured to fight recklessly!
You slash the gnoll!
The gnoll is heavily wounded.
The gnoll hits you but does no damage. The gnoll barely misses you. x2
The gnoll hits you from afar with a +0 spear.
You barely miss the gnoll.
The gnoll is heavily wounded.
The gnoll misses you.
The gnoll hits you from afar with a +0 spear.
The gnoll barely misses you. The gnoll closely misses you.
You closely miss the gnoll.
The gnoll is heavily wounded.
You closely miss the gnoll.
The gnoll is heavily wounded.
The gnoll hits you with a +0 spear. The gnoll closely misses you.
The gnoll hits you from afar with a +0 spear.
* * * LOW HITPOINT WARNING * * *
The gnoll closely misses you.
You hit the gnoll.
The gnoll is almost dead.
The gnoll hits you but does no damage. x2; The gnoll hits you with a +0 spear.
* * * LOW HITPOINT WARNING * * *
The gnoll hits you from afar with a +0 spear.
* * * LOW HITPOINT WARNING * * *
You barely miss the gnoll.
The gnoll is almost dead.
The gnoll hits you with a +0 spear.
* * * LOW HITPOINT WARNING * * *
The gnoll hits you from afar with a +0 spear!
You die...

####### #.....#
#.....#
#.....######
#.g.gg.....#
#..@.g.....#
#..).......#
#..........#
#..........#
#.......!..#
#####.#.##....##
#..........##...#
#..........# ##.#
#.........## #


You could see 4 gnolls.

Vanquished Creatures
  Sigmund (D:3)
  A gnoll bouda (D:4)
  Terence (D:3)
  Natasha (thrice) (D:3)
  3 adders
  A worm (D:2)
  A dart slug (D:1)
  4 orcs (D:3)
  5 ball pythons
  6 endoplasms
  3 giant cockroaches
  9 goblins
  4 hobgoblins
  8 jackals
  6 kobolds
  3 quokkas
  5 bats
  5 frilled lizards (D:1)
  5 rats
74 creatures vanquished.

Notes
Turn   | Place    | Note
-------+----------+-------------------------------------------
     0 | D:1      | Borgoz the Gargoyle Berserker began the quest for the Orb.
     0 | D:1      | Reached XP level 1. HP: 14/14 MP: 1/1
    66 | D:1      | Reached XP level 2. HP: 14/19 MP: 2/2
   342 | D:1      | Reached XP level 3. HP: 23/23 MP: 3/3
   390 | D:1      | Reached ** piety under Trog
   961 | D:2      | Reached XP level 4. HP: 29/29 MP: 4/4
   996 | D:2      | Identified the +1 pair of boots of Gestures {rElec Int+2}
  1557 | D:3      | Noticed Natasha
  1568 | D:3      | Killed Natasha
  1646 | D:3      | Reached XP level 5. HP: 33/33 MP: 5/5
  1709 | D:3      | Noticed Terence
  1719 | D:3      | Killed Terence
  1805 | D:3      | Noticed Natasha
  1812 | D:3      | Killed Natasha
  1961 | D:3      | Noticed Natasha
  1973 | D:3      | Killed Natasha
  2066 | D:3      | Noticed Sigmund
  2080 | D:3      | Killed Sigmund
  2081 | D:3      | Reached XP level 6. HP: 39/39 MP: 6/6
  2397 | D:4      | HP: 1/58 [gnoll/+0 spear[a gnoll bouda] (6)]
  2397 | D:4      | Mangled by a gnoll

Illustrated notes

Levels and vault maps discovered:
D:1:      dpeg_arrival_more_subterranean_lakeside_camping, layout_rooms
D:2:      layout_basic, due_unseen_surprise
D:3:      layout_basic, chequers_serial_rivers_micro_c, hex_medium,
          uniq_terence, uniq_natasha, uniq_sigmund
D:4:      layout_rooms, uniq_duvessa

Skill      XL: |  1  2  3  4  5 |
---------------+----------------+-----
Long Blades    | 3 4 |  4.7
Dodging        | 2 |  2.9
Fighting       | 4 |  4.7
Armour         | 3 |  3.8

Action                     |  1- 3 |  4- 6 || total
---------------------------+-------+-------++-------
  Melee: Falchion          |   164 |   176 ||   340
         Punch             |       |     1 ||     1
 Invoke: Berserk           |       |     5 ||     5
         Trog's Hand       |       |     1 ||     1
 Armour: Animal skin       |    89 |    35 ||   124
         Scale mail        |       |    77 ||    77
  Dodge: Dodged            |   159 |   118 ||   277
